Map: Ascension to Aiur LE

Players

Serral - Winner!

  • Race: Zerg Zerg
  • Spawn Location: 11:00

Zanster

  • Race: Zerg Zerg
  • Spawn Location: 5:00

Event: WCS Valencia 2017

VOD

Have the link to the VOD?

Description

Time

  • Played on: July 13, 2017, 1:34 p.m.
  • Length: 11:23

All games in this series

Show
View Real Time Build Order
Export as new Build Order

Serral Zerg - Winner!

Build Orders: Hatch First 

Get SALT Encoding   

  12  0:00  Drone  
  13  0:13  Overlord  
  13  0:17  Drone  
  14  0:32  Drone x2  
  14  0:35  Drone  
  17  0:51  Hatchery  
  17  0:55  Drone  
  17  0:58  Drone  
  18  1:09  Extractor  
  17  1:12  Spawning Pool  
  17  1:16  Drone  
  17  1:19  Drone  
  18  1:28  Drone  
  19  1:39  Overlord  
  19  1:59  Queen  
  19  2:00  Zergling x2  
  19  2:01  Zergling x2  
  23  2:03  Queen  
  23  2:04  Zergling x2  
  26  2:08  Metabolic Boost  
  26  2:12  Drone  
  26  2:14  Drone  
  28  2:22  Drone  
  29  2:28  Baneling Nest  
  29  2:29  Drone  
  29  2:33  Drone  
  30  2:37  Drone  
  31  2:51  Hatchery  
  30  2:52  Drone  
  30  2:57  Overlord  
  31  2:59  Drone  
  31  3:03  Overlord  
  32  3:08  Drone x2  
  34  3:13  Baneling x2  
  34  3:19  Drone x3  
  37  3:20  Drone  
  37  3:24  Zergling x2  
  37  3:26  Zergling x2  
  40  3:27  Baneling  
  40  3:30  Zergling x4  
  42  3:38  Drone, Overlord  
  43  3:42  Drone  
  43  3:45  Overlord  
  43  3:47  Overlord  
  43  3:57  Zergling x10  
  43  3:58  Drone  
  43  4:02  Queen  
  49  4:04  Drone  
  49  4:07  Evolution Chamber  
  51  4:13  Drone x3  
  51  4:16  Drone x2  
  56  4:24  Roach Warren  
  56  4:26  Drone x3  
  56  4:28  Drone  
  56  4:30  Drone  
  60  4:32  Drone  
  60  4:35  Zerg Missile Weapons Level 1  
  60  4:37  Extractor  
  60  4:41  Drone x2  
  60  4:42  Drone  
  60  4:46  Overlord  
  60  4:47  Zergling x4  
  62  4:53  Drone x3  
  62  4:56  Lair  
  62  5:01  Zergling x8  
  62  5:04  Extractor  
  65  5:07  Drone, Overlord  
  65  5:08  Drone  
  65  5:09  Drone  
  65  5:12  Extractor  
  65  5:13  Drone  
  68  5:17  Overlord  
  68  5:18  Drone x3  
  68  5:19  Drone  
  73  5:21  Drone  
  73  5:22  Drone  
  73  5:24  Baneling  
  73  5:26  Drone x2  
  73  5:28  Overlord  
  76  5:31  Drone x2  
  76  5:32  Drone  
  79  5:37  Drone  
  79  5:38  Extractor  
  79  5:39  Extractor, Overlord  
  78  5:46  Drone x2  
  80  5:53  Roach x2  
  80  5:54  Roach x4  
  80  5:55  Glial Reconstitution  
  88  5:59  Drone x3  
  88  6:00  Overseer  
  88  6:02  Roach x2  
  95  6:13  Drone  
  95  6:17  Overlord  
  96  6:18  Hatchery  
  96  6:20  Roach  
  96  6:21  Roach x2  
  96  6:24  Overlord  
  101  6:29  Overlord  
  101  6:32  Roach x5  
  110  6:38  Zerg Missile Weapons Level 2  
  110  6:42  Drone  
  110  6:45  Hydralisk Den  
  109  6:48  Roach  
  109  6:49  Roach x4  
  109  6:52  Ravager  
  120  6:56  Overlord  
  120  6:58  Overlord  
  120  7:05  Overlord x2  
  120  7:06  Drone  
  120  7:07  Drone x2  
  120  7:08  Unknown  
  123  7:16  Muscular Augments, Overlord  
  123  7:32  Hydralisk x2  
  123  7:33  Hydralisk x5  
  123  7:34  Roach  
  123  7:35  Roach x7  
  149  7:41  Baneling x2  
  149  7:44  Roach x4  
  147  7:47  Roach  
  154  7:52  Roach  
  154  7:56  Hydralisk x3  
  154  7:58  Ravager  
  162  8:01  Spore Crawler  
  162  8:02  Spore Crawler x2  
  162  8:03  Roach x3  
  165  8:09  Overlord  
  164  8:16  Spore Crawler, Drone  
  163  8:20  Hydralisk x3  
  163  8:21  Hydralisk  
  163  8:22  Drone x2  
  163  8:23  Drone x3  
  172  8:33  Hatchery  
  168  8:36  Drone  
  168  8:37  Drone x2  
  169  8:42  Drone  
  169  8:46  Roach x3  
  169  8:47  Roach  
  177  8:59  Roach  
  177  9:00  Roach x3  
  183  9:11  Hatchery, Overlord  
  183  9:12  Roach  
  183  9:13  Overlord  
  183  9:14  Overlord  
  183  9:16  Extractor  
  182  9:22  Overlord  
  178  9:34  Roach x6  
  178  9:35  Roach x2  
  176  9:40  Ravager  
  176  9:42  Roach x4  
  181  9:46  Ravager  
  181  9:48  Roach  
  181  9:49  Roach x2  
  166  10:00  Roach  
  166  10:01  Roach x5  
  163  10:12  Roach  
  163  10:13  Roach x5  
  159  10:22  Drone x3  
  159  10:26  Roach  
  159  10:27  Roach x4  
  160  10:37  Drone x4  
  160  10:39  Queen  
  160  10:41  Drone x3  
  169  10:47  Roach x3  
  175  10:50  Ravager x3  
  175  10:51  Ravager  
  175  10:54  Roach x2  
  181  11:01  Roach x4  
Show
View Real Time Build Order
Export as new Build Order

Zanster Zerg 

Build Orders: Hatch First, Muta Ling Bane 

Get SALT Encoding   

  12  0:01  Drone  
  13  0:13  Overlord  
  13  0:17  Drone  
  14  0:31  Drone  
  14  0:32  Drone  
  14  0:35  Drone  
  17  0:51  Hatchery  
  17  0:54  Drone  
  17  0:58  Drone  
  17  1:02  Extractor  
  17  1:13  Spawning Pool  
  17  1:16  Drone  
  17  1:19  Drone  
  18  1:30  Drone  
  19  1:39  Drone  
  20  1:50  Overlord  
  20  2:02  Queen  
  20  2:03  Queen  
  20  2:04  Zergling x4  
  20  2:06  Metabolic Boost  
  26  2:12  Zergling x2  
  27  2:16  Drone  
  27  2:22  Drone  
  29  2:25  Drone  
  30  2:34  Zergling x2  
  30  2:36  Drone  
  32  2:37  Queen  
  34  2:47  Hatchery  
  33  2:52  Overlord  
  33  2:53  Drone  
  33  2:58  Drone  
  35  2:59  Drone  
  36  3:11  Zergling x2  
  36  3:12  Zergling x8  
  41  3:15  Zergling x2  
  41  3:17  Zergling x2  
  43  3:23  Overlord  
  43  3:30  Drone  
  44  3:34  Baneling Nest  
  44  3:36  Drone  
  44  3:41  Overlord  
  44  3:43  Drone x2  
  44  3:46  Drone  
  47  3:51  Drone  
  48  3:56  Drone x2  
  48  3:57  Drone x2  
  50  4:03  Drone  
  50  4:08  Drone  
  50  4:09  Drone  
  53  4:10  Drone  
  53  4:22  Baneling  
  53  4:23  Baneling x3  
  53  4:25  Zergling x2  
  53  4:26  Zergling x4  
  53  4:27  Overlord  
  53  4:29  Drone  
  53  4:30  Roach Warren, Drone x4, Extractor  
  59  4:35  Drone  
  60  4:40  Drone x2  
  60  4:42  Drone  
  60  4:45  Drone  
  60  4:53  Overlord  
  60  4:54  Drone  
  60  4:55  Drone x3  
  60  4:59  Lair  
  64  5:04  Drone x5  
  69  5:07  Extractor, Drone  
  69  5:09  Drone  
  69  5:10  Drone  
  69  5:13  Extractor  
  68  5:16  Drone  
  68  5:17  Drone  
  70  5:22  Overlord  
  70  5:23  Drone  
  70  5:24  Drone x2  
  70  5:25  Drone  
  74  5:29  Extractor x2  
  74  5:31  Roach x4  
  80  5:36  Evolution Chamber  
  80  5:37  Overlord  
  80  5:41  Roach x2  
  80  5:42  Drone  
  84  5:43  Drone  
  84  5:46  Overlord  
  84  5:54  Drone  
  84  5:55  Drone x4  
  86  5:59  Glial Reconstitution  
  86  6:01  Drone  
  86  6:02  Spire, Drone  
  87  6:05  Zerg Missile Weapons Level 1  
  87  6:11  Roach  
  87  6:12  Roach x2  
  87  6:13  Overlord  
  87  6:18  Drone  
  94  6:21  Overlord  
  94  6:22  Roach  
  94  6:23  Roach x2  
  100  6:28  Roach  
  100  6:29  Roach x2  
  100  6:30  Overseer  
  103  6:34  Drone  
  103  6:40  Roach x2  
  103  6:41  Roach x4  
  103  6:45  Overlord  
  115  6:53  Unknown, Roach  
  115  6:54  Roach x2  
  121  6:55  Overlord  
  121  7:03  Overlord  
  121  7:06  Hatchery, Roach x4  
  128  7:11  Overlord x2  
  128  7:26  Mutalisk  
  128  7:27  Mutalisk x7  
  145  7:34  Mutalisk  
  144  7:48  Roach  
  144  7:49  Roach x8  
  144  7:50  Hatchery  
  144  7:51  Roach  
  162  7:54  Overlord  
  162  7:55  Overlord  
  162  7:59  Zerg Missile Weapons Level 2  
  162  8:07  Overlord  
  162  8:10  Drone x4  
  162  8:11  Centrifical Hooks  
  156  8:14  Roach  
  156  8:15  Roach  
  160  8:25  Roach  
  160  8:26  Roach x3  
  166  8:29  Drone  
  167  8:37  Drone  
  167  8:38  Drone x6  
  172  8:42  Roach  
  172  8:44  Ravager x2  
  172  8:45  Ravager x2  
  172  8:48  Overlord  
  178  8:49  Overlord  
  178  8:51  Overlord  
  178  8:52  Overlord  
  178  9:07  Overseer  
  176  9:12  Ravager x3  
  176  9:16  Zergling x34  
  194  9:20  Unknown x2  
  194  9:22  Overlord  
  195  9:24  Ravager x5  
  195  9:26  Ravager  
  200  9:34  Baneling x8  
  176  9:39  Roach x3  
  170  9:46  Roach x5  
  142  10:01  Zergling x2, Roach x8  
  135  10:09  Roach x4  
  129  10:17  Roach  
  129  10:18  Roach x2  
  129  10:19  Extractor  
  129  10:21  Extractor  
  133  10:26  Roach  
  133  10:27  Roach  
  132  10:28  Roach  
  132  10:30  Hatchery  
  132  10:37  Roach x2  
  132  10:39  Queen  
  132  10:41  Roach  
  132  10:42  Roach  
  139  10:50  Hatchery  
  139  10:53  Ravager  
  139  10:54  Ravager, Roach x5  
Tags
 
Add a new tag
Caveats
  • Supply blocks, unpowered buildings, or Contaminate may cause inaccurate times.
  • Supply counts are checked every 10 seconds.